 Dungeon Crawl Stone Soup version 0.19.5 (webtiles) character file.

17589 Inarius the Cleaver (level 12, -8/106 HPs)
             Began as a Minotaur Fighter on Apr 11, 2017.
             Was a High Priest of Yredelemnul.
             Mangled by a phantasmal warrior (20 damage)
             ... created by the player character
             ... on level 13 of the Dungeon.
             The game lasted 01:19:43 (12721 turns).

Inarius the Cleaver (Minotaur Fighter)             Turns: 12721, Time: 01:19:43

Health: -8/106     AC: 21    Str: 28    XL:     12   Next: 20%
Magic:  4/4        EV:  9    Int:  6    God:    Yredelemnul [*****.]
Gold:   396        SH: 13    Dex: 12    Spells: 0 memorised, 11 levels left

rFire  . . .     SeeInvis .     L - +5 demon whip "Spellbinder" {antimagic, MR+}
rCold  . . .     Gourm    .     W - +2 plate armour {MR+}
rNeg   . . .     Faith    .     c - +0 shield
rPois  .         Spirit   .     (helmet restricted)
rElec  .         Reflect  .     u - +0 cloak
rCorr  .         Harm     .     x - +0 pair of gloves
MR     ++...     Rnd*Tele +     y - +0 pair of boots
Stlth  ..........               (no amulet)
                                (no ring)
                                (no ring)

@: mighty
A: retaliatory headbutt, horns 2, deterioration 1, mutation resistance 1,
teleportitis 3
a: Recall Undead Slaves, Injury Mirror, Animate Dead, Drain Life, Enslave Soul,
Renounce Religion


You were on level 13 of the Dungeon.
You worshipped Yredelemnul.
Yredelemnul was extremely pleased with you.
You were not hungry.

You visited 1 branch of the dungeon, and saw 13 of its levels.
You also visited: Ossuary and Ice Cave.

You collected 620 gold pieces.
You spent 224 gold pieces at shops.

Inventory:

Hand Weapons
 a - a +0 war axe
 L - the +5 demon whip "Spellbinder" (weapon) {antimagic, MR+}
   (You found it on level 9 of the Dungeon)

   It reduces the magical energy of the wielder, and disrupts the spells and
   magical abilities of those hit.
   Natural abilities and divine invocations are not affected.
   It affects your resistance to hostile enchantments.
 Q - a +0 executioner's axe of freezing
Missiles
 v - 2 javelins of returning (quivered)
 w - 11 tomahawks
Armour
 c - a +0 shield (worn)
 r - the +6 chain mail of the Old World {rF++ Dex-2}
   (You found it on level 4 of the Dungeon)

   It affects your dexterity (-2).
   It greatly protects you from fire.
 u - a +0 cloak (worn)
 x - a +0 pair of gloves (worn)
 y - a +0 pair of boots (worn)
 W - a +2 plate armour of magic resistance (worn)
 Y - the +0 pair of gloves of Fulinni {rElec rC- rCorr MP-9}
   (You found it on level 12 of the Dungeon)

   It makes you vulnerable to cold.
   It insulates you from electricity.
   It affects your magic capacity (-9).
   It protects you from acid and corrosion.
Wands
 o - a wand of acid (4/15)
 D - a wand of flame (23/48)
 I - a wand of slowing (35/48)
 J - a wand of digging (13/24)
 N - a wand of iceblast (9/15)
 P - a wand of random effects (18/48)
 R - a wand of random effects (29/48)
 S - a wand of slowing (25/48)
 X - a wand of confusion (6/48)
Scrolls
 e - 12 scrolls of remove curse
 g - a scroll of fear {unknown}
 k - 4 scrolls of recharging
 m - a scroll of fog {unknown}
 n - 4 scrolls of teleportation
 p - 3 scrolls of enchant armour
 s - a scroll of holy word {unknown}
 z - 2 scrolls of immolation {unknown}
 F - 2 scrolls of noise
 G - 2 scrolls of amnesia
 T - a scroll of magic mapping {unknown}
 Z - a scroll of enchant weapon
Potions
 h - 3 potions of curing
 l - 3 potions of ambrosia
 q - 2 potions of invisibility
 t - a potion of berserk rage
 A - 2 potions of flight
 C - 4 potions of agility
 E - a potion of cancellation {unknown}
 H - 2 potions of magic
 U - 3 potions of brilliance {unknown}
Miscellaneous
 d - a fan of gales
 K - a box of beasts
Comestibles
 b - 4 beef jerkies
 f - 7 bread rations
 j - 20 fruits
 M - 2 meat rations


   Skills:
 + Level 9.9 Fighting
 + Level 11.8(13.0) Axes
 + Level 9.4(11.8) Maces & Flails
 + Level 3.8 Throwing
 + Level 11.0 Armour
 + Level 4.1 Dodging
 + Level 0.8 Stealth
 + Level 10.7 Shields
 + Level 3.0 Invocations


You had 11 spell levels left.
You didn't know any spells.

Dungeon Overview and Level Annotations

Branches:
Dungeon (13/15)            Temple (0/1) D:7            Lair (0/6) D:11
    Orc (0/2) D:12
 Vaults: D:13-14

Altars:
Cheibriados
Dithmenos
Sif Muna
Trog
Xom
Yredelemnul
Beogh
Jiyva

Shops:
D:5 [   D:6 *%(?[:   D:7 %   D:8 ?   D:10 ([   D:11 }

Annotations:
D:13 North's ghost, journeyman DrGl


Innate Abilities, Weirdness & Mutations

You reflexively headbutt those who attack you in melee.
You have a pair of horns on your head.
Your body sometimes deteriorates upon taking damage.
You are somewhat resistant to further mutation.
You are often teleported next to monsters.


Message History

North's ghost's magic leaks into the air.
North's ghost glows momentarily.
North's ghost is heavily damaged.
The flying skull misses you. You furiously retaliate!
You headbutt the flying skull! The phantasmal warrior hits you!
You block North's ghost's attack.
You feel very mighty all of a sudden.
You block the flying skull's attack. x2; The phantasmal warrior hits you!!
* * * LOW HITPOINT WARNING * * *
The flying skull hits you but does no damage. x2
North's ghost hits you.
* * * LOW HITPOINT WARNING * * *
The soul eater draws from the surrounding life force!
* * * LOW HITPOINT WARNING * * *
The soul eater is healed.
You feel better. The flying skull hits you.
* * * LOW HITPOINT WARNING * * *
The phantasmal warrior hits you!!
You die...
Your body rises from the dead as a mindless zombie.

#..T#
#...# .
#...###..
#....[.
#.....
#3§§#
#WW§#
#@z§#
#zz§#
#W§§#
#§†§#
#...#
#...#
#...#
....#
######


You could see a soul eater, a phantasmal warrior, a wraith, 3 flying skulls and
North's ghost.

Vanquished Creatures
  The ghost of quik the Archer, a novice CeWr of Fedhas (D:8)
  A death yak (D:11)
  3 skeletal warriors (D:11)
  Pikel (D:5)
  An orc knight (D:12)
  A hill giant (D:12)
  2 ugly things
  An ice statue (IceCv)
  2 trolls
  2 slime creatures
  3 hippogriffs
  A shadow (D:12)
  A water elemental (D:12)
  A wyvern (D:9)
  4 yaks
  A hungry ghost (D:12)
  A mottled dragon (D:12)
  A water moccasin (D:11)
  A hell hound (D:11)
  3 slaves (D:5)
  2 sky beasts
  2 ogres
  6 ice beasts
  4 orc warriors
  3 centaurs
  2 necrophages
  A big kobold (D:10)
  2 earth elementals (D:13)
  5 bullfrogs
  A gnoll sergeant (D:7)
  5 scorpions
  Dowan (D:7)
  12 wights
  2 centaur zombies
  6 crimson imps
  A wyvern simulacrum (D:11)
  4 hounds
  5 jellies
  9 orc priests
  A gnoll shaman (D:5)
  10 orc wizards
  2 bullfrog skeletons
  2 centaur skeletons
  Jessica (D:3)
  3 iguanas
  3 worker ants
  A killer bee zombie (D:8)
  A bullfrog simulacrum (D:11)
  5 mummies (Ossuary)
  2 howler monkey zombies
  2 worker ant zombies
  8 gnolls
  6 adders
  A white imp (D:11)
  5 worms
  3 dart slugs
  7 leopard geckos
  48 orcs
  7 giant cockroaches
  7 goblins
  5 hobgoblins
  6 jackals
  7 kobolds
  2 quokkas (D:7)
  2 ball pythons
  9 bats
  7 frilled lizards
  2 gnoll zombies (Ossuary)
  2 goblin zombies (Ossuary)
  A hobgoblin zombie (Ossuary)
  A kobold zombie (Ossuary)
  A leopard gecko skeleton (D:8)
  An orc zombie (Ossuary)
  2 quokka skeletons
  A quokka zombie (D:6)
  7 rats
  A plant (D:12)
287 creatures vanquished.

Vanquished Creatures (collateral kills)
  Snorg (D:12)
  An unseen horror (D:9)
  A skeletal warrior (D:11)
  2 ugly things
  2 ice statues (IceCv)
  A centaur zombie (D:11)
  A centaur skeleton (D:12)
  2 trolls
  A polar bear (D:11)
  2 slime creatures (D:13)
  A hippogriff (D:10)
  2 flying skulls
  A shadow (D:11)
  5 yaks
  A hungry ghost (D:8)
  Duvessa (D:7)
  A hell hound (D:11)
  3 orc warriors (D:12)
  2 ice beasts
  2 black bears
  3 ogres
  2 centaurs
  5 bullfrogs
  2 earth elementals (D:13)
  3 scorpions
  5 wights
  2 electric eels
  2 crimson imps (D:8)
  A bullfrog zombie (D:10)
  3 jellies
  An orc priest (D:8)
  An orc wizard (D:8)
  An iguana (D:11)
  3 worker ants
  A hound zombie (D:8)
  A hound skeleton (D:11)
  2 adders
  A howler monkey skeleton (D:11)
  A white imp (D:11)
  A leopard gecko (D:10)
  15 orcs
  2 quokkas
  4 plants
95 creatures vanquished.

Vanquished Creatures (others)
  An eldritch tentacle (IceCv)
  The ghost of strmesko the Thaumaturge, a journeyman DEWz of Vehumet (D:11)
  11 flying skulls
  A wyvern (D:11)
  3 wights (D:11)
  4 jackals (D:5)
  A gnoll skeleton (D:7)
22 creatures vanquished.

Grand Total: 404 creatures vanquished

Notes
Turn   | Place    | Note
-------+----------+-------------------------------------------
     0 | D:1      | Inarius the Minotaur Fighter began the quest for the Orb.
     0 | D:1      | Reached XP level 1. HP: 19/19 MP: 0/0
   193 | D:1      | Reached XP level 2. HP: 24/27 MP: 1/1
   542 | D:1      | Reached XP level 3. HP: 33/33 MP: 2/2
  1765 | D:3      | Noticed Jessica
  1769 | D:3      | Killed Jessica
  1769 | D:3      | Reached XP level 4. HP: 40/40 MP: 3/3
  2083 | D:3      | Found a basalt altar of Yredelemnul.
  2085 | D:3      | Found a snail-covered altar of Cheibriados.
  2091 | D:3      | Found a shimmering altar of Xom.
  2111 | D:3      | Became a worshipper of Yredelemnul the Dark
  2312 | D:4      | Reached XP level 5. HP: 37/47 MP: 4/4
  2755 | D:4      | Got a warped chain mail
  2771 | D:4      | Identified the +6 chain mail of the Old World {rF++ Dex-2} (You found it on level 4 of the Dungeon)
  2802 | D:4      | Reached skill level 1 in Dodging
  2886 | D:4      | Reached skill level 5 in Axes
  2886 | D:4      | Reached XP level 6. HP: 53/53 MP: 5/5
  3572 | D:4      | Noticed a moth of wrath
  3575 | D:4      | Found a bloodstained altar of Trog.
  3593 | D:4      | Reached * piety under Yredelemnul
  3715 | D:5      | Entered Level 5 of the Dungeon
  3742 | D:5      | Reached skill level 5 in Armour
  3742 | D:5      | Reached skill level 5 in Shields
  3844 | D:5      | Reached XP level 7. HP: 45/60 MP: 6/6
  3915 | D:5      | Found Jaukki's Antique Armour Shop.
  3922 | D:5      | Bought a cloak for 108 gold pieces
  3944 | D:5      | Reached skill level 5 in Fighting
  4064 | D:5      | Noticed Pikel
  4087 | D:5      | Killed Pikel
  4087 | D:5      | Reached XP level 8. HP: 24/69 MP: 7/7
  4493 | D:5      | Gained mutation: Armour fits poorly on your strangely shaped body. [potion of mutation]
  4493 | D:5      | Gained mutation: You are occasionally teleported next to monsters. [potion of mutation]
  4493 | D:5      | Gained mutation: You are sometimes teleported next to monsters. [potion of mutation]
  4494 | D:5      | Gained mutation: Your body sometimes deteriorates upon taking damage. [potion of mutation]
  4494 | D:5      | Lost mutation: Armour fits poorly on your strangely shaped body. [potion of mutation]
  4494 | D:5      | Gained mutation: You are often teleported next to monsters. [potion of mutation]
  4688 | D:6      | Reached ** piety under Yredelemnul
  4694 | D:6      | Found Isatz's Armour Shop.
  4735 | D:6      | Found Moaraz's Elemental Accessories.
  4829 | D:6      | Found Puosut's Magic Scroll Shoppe.
  4836 | D:6      | Found Rucras's Book Emporium.
  4968 | D:6      | Bought a +0 pair of gloves for 58 gold pieces
  4968 | D:6      | Bought a +0 pair of boots for 58 gold pieces
  5017 | D:6      | Gained mutation: You are somewhat resistant to further mutation. [potion of mutation]
  5025 | D:6      | Found Puekoxiv's Weapon Shop.
  5101 | D:6      | Found Fagac's Food Boutique.
  5513 | D:7      | Reached XP level 9. HP: 65/75 MP: 8/8
  5532 | D:7      | Reached skill level 1 in Throwing
  5866 | D:7      | Reached skill level 10 in Axes
  5896 | D:7      | Found Upier's Food Shoppe.
  5940 | D:7      | Got a smoking flail
  5942 | D:7      | Identified the +1 flail of Propriety {holy, rC- MR++} (You found it on level 7 of the Dungeon)
  5987 | D:7      | Found a deep blue altar of Sif Muna.
  6015 | D:7      | Found a staircase to the Ecumenical Temple.
  6061 | D:7      | Reached *** piety under Yredelemnul
  6258 | D:7      | Noticed Duvessa
  6258 | D:7      | Noticed Dowan
  6271 | D:7      | Killed Dowan
  6277 | D:7      | Killed Duvessa
  6482 | D:8      | Noticed quik's ghost (novice CeWr)
  6507 | D:8      | Killed quik's ghost
  6622 | D:8      | Found a sand-covered staircase.
  6628 | Ossuary  | Entered an ossuary
  7057 | D:8      | Received a gift from Yredelemnul (5 flying skulls)
  7142 | D:8      | Reached XP level 10. HP: 88/88 MP: 9/9
  7405 | D:8      | Reached **** piety under Yredelemnul
  7612 | D:8      | Received a gift from Yredelemnul (a wight)
  7692 | D:8      | Found Maf Ala's Magic Scroll Boutique.
  8154 | D:9      | Found a shadowy altar of Dithmenos.
  8319 | D:9      | Killed an unseen horror
  8721 | D:10     | Entered Level 10 of the Dungeon
  8728 | D:10     | Found Zovirpha's Armour Shop.
  8813 | D:10     | Received a gift from Yredelemnul (5 flying skulls)
  8817 | D:10     | Reached skill level 1 in Maces & Flails
  9007 | D:10     | Reached skill level 1 in Invocations
  9197 | D:10     | Found Kulale's Weapon Emporium.
  9424 | D:11     | Noticed a death yak
  9431 | D:11     | Received a gift from Yredelemnul (a wight)
  9448 | D:11     | Reached ***** piety under Yredelemnul
  9520 | D:11     | Reached XP level 11. HP: 68/95 MP: 1/10
  9522 | D:11     | Received a gift from Yredelemnul (a wight)
  9613 | D:11     | Found a staircase to the Lair.
  9617 | D:11     | Noticed a white ugly thing
  9617 | D:11     | Noticed strmesko's ghost (journeyman DEWz)
  9624 | D:11     | Killed strmesko's ghost
  9626 | D:11     | Killed a white ugly thing
  9714 | D:11     | Found a frozen archway.
  9714 | D:11     | Noticed a skeletal warrior
  9714 | D:11     | Noticed a skeletal warrior
  9714 | D:11     | Noticed a skeletal warrior
  9715 | D:11     | Noticed a skeletal warrior
  9734 | D:11     | Killed a skeletal warrior
  9736 | D:11     | Killed a skeletal warrior
  9737 | D:11     | Killed a skeletal warrior
  9737 | D:11     | Reached skill level 5 in Maces & Flails
  9737 | D:11     | Reached skill level 10 in Armour
  9737 | D:11     | Reached skill level 10 in Shields
  9746 | D:11     | Killed a skeletal warrior
  9835 | D:11     | Killed a death yak
 10047 | IceCv    | Entered an ice cave
 10072 | IceCv    | Received a gift from Yredelemnul (4 flying skulls)
 10198 | IceCv    | Noticed a white ugly thing
 10208 | IceCv    | Killed a white ugly thing
 10266 | IceCv    | Killed a white ugly thing
 10289 | IceCv    | Killed an eldritch tentacle
 10586 | D:11     | Found Uweih's Quality Used Wands.
 10600 | D:11     | Received a gift from Yredelemnul (a wight)
 10904 | D:12     | Found a roughly hewn altar of Beogh.
 10904 | D:12     | Found a staircase to the Orcish Mines.
 10910 | D:12     | Noticed an orc knight
 10926 | D:12     | Received a gift from Yredelemnul (a wraith)
 11325 | D:12     | Killed an orc knight
 11345 | D:12     | Received a gift from Yredelemnul (a phantasmal warrior)
 11379 | D:12     | Got a pair of brightly glowing gloves
 11390 | D:12     | Identified the +0 pair of gloves of Fulinni {rElec rC- rCorr MP-9} (You found it on level 12 of the Dungeon)
 11464 | D:12     | Noticed Snorg
 11478 | D:12     | Killed Snorg
 11546 | D:12     | Found a viscous altar of Jiyva.
 11577 | D:12     | Noticed a cyan ugly thing
 11585 | D:12     | Killed a cyan ugly thing
 11585 | D:12     | Reached XP level 12. HP: 53/105 MP: 3/13
 12134 | D:12     | Received a gift from Yredelemnul (2 flying skulls)
 12710 | D:13     | Noticed North's ghost (journeyman DrGl)
 12720 | D:13     | HP: 3/106 [soul eater/drain life[the demon whip "Spellbinder"] (10)]
 12721 | D:13     | Mangled by a phantasmal warrior

Skill      XL: |  1  2  3  4  5  6  7  8  9 10 11 12 |
---------------+-------------------------------------+-----
Armour         | 4 5 6 8 9 10 11 | 11.0
Axes           | 3 4 5 6 7 9 11 | 11.8
Fighting       | 4 5 6 7 8 9 |  9.9
Shields        | 4 5 6 7 8 9 10 | 10.7
Dodging        | 1 2 3 4 |  4.1
Throwing       | 1 3 |  3.8
Maces & Flails | 3 8 9 |  9.4
Invocations    | 1 2 3 |  3.0
Stealth        | |  0.8

Action                   |  1- 3 |  4- 6 |  7- 9 | 10-12 || total
-------------------------+-------+-------+-------+-------++-------
Melee: War axe           |   116 |   150 |   329 |    73 ||   668
       Headbutt          |    13 |    24 |    64 |    87 ||   188
       Demon whip        |       |       |       |   344 ||   344
Throw: Javelin           |       |       |    20 |    42 ||    62
       Tomahawk          |       |       |       |     2 ||     2
Invok: Animate Remains   |       |       |     1 |       ||     1
       Animate Dead      |       |       |     1 |     5 ||     6
       Recall Undead Sla |       |       |       |     6 ||     6
  Use: Scroll            |       |     1 |     9 |     7 ||    17
       Potion            |       |       |     4 |     7 ||    11
 Stab: Distracted        |       |       |       |     2 ||     2
  Eat: Chunk             |     3 |     7 |    12 |    16 ||    38
       Fruit             |       |       |       |     8 ||     8
Armor: Scale mail        |    52 |     3 |       |       ||    55
       Chain mail        |       |    87 |   159 |   139 ||   385
       Plate armour      |       |       |       |    24 ||    24
Dodge: Dodged            |    44 |    33 |    76 |    70 ||   223
Block: Shield            |    66 |    58 |   176 |   174 ||   474
